 Dungeon Crawl Stone Soup version 0.21-a0-633-g4c047d5 (webtiles) character file.

25 hyperaryth the Caller (level 2, -2/30 HPs)
             Began as a Demigod Summoner on Dec 28, 2017.
             Slain by an adder (3 damage)
             ... on level 3 of the Dungeon.
             The game lasted 00:05:42 (1468 turns).

hyperaryth the Caller (Demigod Summoner)            Turns: 1468, Time: 00:05:43

Health: -2/30      AC:  2    Str: 16    XL:     2   Next: 66%
Magic:  7/7        EV: 12    Int: 19    God:
Gold:   114        SH:  0    Dex: 16    Spells: 3/4 levels left

rFire    . . .     SeeInvis .   k - +2 dagger (drain)
rCold    . . .     Gourm    .   (no shield)
rNeg     . . .     Faith    .   a - +0 robe
rPois    .         Spirit   .   (no helmet)
rElec    .         Reflect  .   (no cloak)
rCorr    .         Harm     .   (no gloves)
MR       .....                  (no boots)
Stlth    ..........             (no amulet)
HPRegen  0.10/turn              (no ring)
MPRegen  0.10/turn              (no ring)

@: berserking, drained, very quick
A: high mp 1
a: no special abilities


You were on level 3 of the Dungeon.
You were not hungry.

You visited 1 branch of the dungeon, and saw 3 of its levels.

You collected 114 gold pieces.

Inventory:

Hand Weapons
 f - a +0 club
 k - a +2 dagger of draining (weapon)
Missiles
 i - 42 stones (quivered)
Armour
 a - a +0 robe (worn)
Jewellery
 d - an uncursed amulet of harm {unknown}
 e - a +3 ring of dexterity {unknown}
Wands
 j - a wand of enslavement (13)
Scrolls
 h - 3 scrolls of teleportation
Potions
 l - a potion of might {unknown}
 m - a potion of magic {unknown}
 n - a potion of curing {unknown}
Books
 b - a book of Callings

   Spells                             Type                      Level
   a - Summon Small Mammal            Summoning                    1
   b - Call Imp                       Summoning                    2
   c - Call Canine Familiar           Summoning                    3
   d - Summon Guardian Golem          Hexes/Summoning              3
   e - Summon Lightning Spire         Summoning/Air                4
   f - Summon Ice Beast               Ice/Summoning                4
Comestibles
 c - a ration
 o - a chunk of flesh


   Skills:
 + Level 0.1(0.0) Throwing
 - Level 1.7(1.6) Dodging
 - Level 1.7(1.6) Stealth
 - Level 1.7(1.6) Spellcasting
 + Level 4.4(4.3) Summonings


You had 3 spell levels left.
You knew the following spells:

 Your Spells              Type           Power        Failure   Level  Hunger
a - Summon Small Mammal   Summ           ###.         3%          1    #......


Dungeon Overview and Level Annotations

Branches:
Dungeon (2/15)


Innate Abilities, Weirdness & Mutations

You have an increased reservoir of magic. (+10% MP)


Message History

The orc priest mumbles some strange prayers to Beogh against you.
Pain shoots through your body!
As you read the scroll of teleportation, it crumbles to dust.
You feel strangely unstable.
The orc priest invokes the aid of Beogh against you.
Pain shoots through your body!
* * * LOW HITPOINT WARNING * * *
The orc priest calls upon Beogh to heal the orc.
The orc's wounds heal themselves!
Found 8 gold pieces.
An adder comes into view.
Your surroundings suddenly seem different.
Found a ration.
An adder comes into view.
The adder hisses angrily.
You hear a shout!
The adder completely misses you.
It was a potion of berserk rage.
A red film seems to cover your vision as you go berserk!
You feel yourself moving faster!
You feel mighty! The adder bites you.
You die...

# .. .. .#
####.#
####.S..#
#...@.#
##.#....#
#...#....#
.......%...
...###......
.... #.....
..... .....
#..... ...#


You could see an adder.

Vanquished Creatures
  2 orcs (D:3)
  3 goblins
  4 hobgoblins (D:1)
  A bat (D:1)
  3 frilled lizards (D:1)
  2 kobolds (D:1)
  2 rats
17 creatures vanquished.

Vanquished Creatures (collateral kills)
  A dart slug (D:1)
  2 ball pythons (D:1)
  3 goblins (D:1)
  2 jackals (D:1)
  2 rats (D:1)
10 creatures vanquished.

Grand Total: 27 creatures vanquished

Notes
Turn   | Place    | Note
-------+----------+-------------------------------------------
     0 | D:1      | hyperaryth the Demigod Summoner began the quest for the Orb.
     0 | D:1      | Reached XP level 1. HP: 14/14 MP: 5/5
   464 | D:1      | Reached skill level 4 in Summonings
   742 | D:1      | Reached XP level 2. HP: 20/20 MP: 4/7
  1412 | D:2      | You fall through a shaft!
  1462 | D:3      | HP: 1/20 [orc priest/nerve-wracking pain (8)]
  1468 | D:3      | Slain by an adder

Vault maps used:
D:1:      lemuel_arrival_funnel
D:2:      lemuel_crystal_altar, uniq_robin
D:3:      minmay_crystal_water

Skill      XL: |  1 |
---------------+----+-----
Summonings     | 4 |  4.4
Throwing       | |  0.1
Dodging        | |  1.7
Stealth        | |  1.7
Spellcasting   | |  1.7

Action                   || total
-------------------------++-------
Melee: Unarmed           ||     6
       Club              ||     6
       Dagger            ||    25
Throw: Stone             ||     3
 Cast: Summon Small Mamm ||    13
  Use: Scroll            ||     2
       Potion            ||     1
 Stab: Sleeping          ||     3
  Eat: Chunk             ||     2
Armor: Robe              ||     4
Dodge: Dodged            ||    25

Table legend:
 A = Spawn XP
 B = Non-spawn XP
 C = Spawn XP percentage of total XP
 D = Spawn monster count
 E = Non-spawn monster count
 F = Spawn count percentage of total count
 G = Total turns spent on level
                    A         B        C        D         E        F      G
               +---------+---------+-------+---------+---------+-------+---------
         Total |       0 |      37 |   0.0 |       0 |      27 |   0.0 |  1468
               +---------+---------+-------+---------+---------+-------+---------
           D:1 |       0 |      30 |   0.0 |       0 |      23 |   0.0 |  1392
           D:3 |       0 |       7 |   0.0 |       0 |       4 |   0.0 |    56
               +---------+---------+-------+---------+---------+-------+---------
